 Dungeon Crawl Stone Soup version 0.22.0-75-g3901e79 (webtiles) character file.

1987 pyew the Magician (level 9, -6/69 HPs)
             Began as a Gnoll Skald on Sept 11, 2018.
             Mangled by an orc warrior
             ... wielding a +0 dire flail
              (21 damage)
             ... on level 6 of the Dungeon.
             The game lasted 00:55:24 (6309 turns).

pyew the Magician (Gnoll Skald)                     Turns: 6309, Time: 00:55:24

Health: -6/69      AC:  7    Str: 18    XL:     9   Next: 21%
Magic:  16/27      EV: 15    Int: 19    God:
Gold:   323        SH:  0    Dex: 15    Spells: 9/20 levels left

rFire    . . .     SeeInvis +   a - +0 falchion
rCold    . . .     Gourm    +   (no shield)
rNeg     . . .     Faith    .   b - +0 leather armour
rPois    .         Spirit   .   k - +0 helmet {SInv}
rElec    .         Reflect  .   J - +0 cloak
rCorr    .         Harm     .   p - +0 pair of gloves
MR       .....                  (no boots)
Stlth    ++........             w - amulet of the gourmand
HPRegen  1.21/turn              h - ring of magical power
MPRegen  0.20/turn              E - +3 ring of strength

@: infused (expiring), singing, regenerating
A: distributed training, fangs 1, clever 1, subdued magic 1, strong nose
a: no special abilities


You were on level 6 of the Dungeon.
You were very full.

You visited 1 branch of the dungeon, and saw 6 of its levels.

You collected 323 gold pieces.

Inventory:

Hand Weapons
 a - a +0 falchion (weapon)
 f - a +0 whip of pain
 A - a +3 shortbow
 D - a +0 scimitar
Missiles
 m - 3 tomahawks of returning
 v - 4 javelins of returning (quivered)
 B - 30 arrows
Armour
 b - a +0 leather armour (worn)
 k - a +0 helmet of see invisible (worn)
 p - a +0 pair of gloves (worn)
 J - a +0 cloak (worn)
Magical Staves
 g - an uncursed staff of fire {unknown}
 z - an uncursed staff of earth {unknown}
Jewellery
 h - a ring of magical power (left hand)
 i - an uncursed amulet of rage
 s - an uncursed ring of positive energy
 w - an amulet of the gourmand (around neck)
 E - a +3 ring of strength (right hand)
 F - an uncursed ring of wizardry {unknown}
Wands
 q - a wand of disintegration (11)
 r - a wand of random effects (38)
 K - a wand of enslavement (11)
Scrolls
 e - 2 scrolls of identify
 o - 2 scrolls of amnesia
 t - 2 scrolls of teleportation
 x - a scroll of remove curse
 y - 2 scrolls of magic mapping
 C - a scroll of fear
 G - a scroll of fog
 I - a scroll of enchant weapon {unknown}
Potions
 c - 4 potions of curing
 j - a potion of haste
 l - a potion of agility
 n - a potion of mutation
 u - a potion of magic
Comestibles
 d - 8 rations
 H - 2 chunks of flesh


   Skills:
 + Level 6.1 Fighting
 + Level 3.9 Short Blades
 + Level 6.1 Long Blades
 + Level 3.9 Axes
 + Level 3.9 Maces & Flails
 + Level 3.9 Polearms
 + Level 3.9 Staves
 + Level 3.9 Slings
 + Level 3.9 Bows
 + Level 3.9 Crossbows
 + Level 3.9 Throwing
 + Level 4.8 Armour
 + Level 6.1 Dodging
 + Level 3.9 Stealth
 + Level 3.9 Shields
 + Level 3.9 Unarmed Combat
 + Level 6.4 Spellcasting
 + Level 3.2 Conjurations
 + Level 3.2 Hexes
 + Level 6.4 Charms
 + Level 3.2 Summonings
 + Level 3.2 Necromancy
 + Level 3.2 Translocations
 + Level 3.2 Transmutations
 + Level 3.2 Fire Magic
 + Level 3.2 Ice Magic
 + Level 3.2 Air Magic
 + Level 3.2 Earth Magic
 + Level 3.2 Poison Magic
 + Level 4.3 Invocations
 + Level 3.9 Evocations


You had 9 spell levels left.
You knew the following spells:

 Your Spells              Type           Power        Failure   Level  Hunger
a - Infusion              Chrm           ###.         1%          1    None
b - Song of Slaying       Chrm           ###.....     1%          2    None
c - Shroud of Golubria    Chrm/Tloc      ###.......   1%          2    None
d - Regeneration          Chrm/Necr      ###.......   4%          3    ##.....
e - Spectral Weapon       Hex/Chrm       ###.....     4%          3    ##.....

Your spell library contained the following spells:

 Spells                   Type           Power        Failure   Level  Hunger


Dungeon Overview and Level Annotations

Branches:
Dungeon (6/15)
 Temple: D:4-7

Altars:
Ashenzari
Kikubaaqudgha
Nemelex Xobeh
Sif Muna
Yredelemnul
The Shining One


Innate Abilities, Weirdness & Mutations

Your experience applies equally to all skills.
You have very sharp teeth.
Your uncanny sense of smell can sniff out nearby items.
Your mind is acute. (Int +2)
Your spells are a little easier to cast, but a little less powerful.


Message History

You punch the phantom, but do no damage.
You bite the phantom.
The phantom is heavily damaged.
The phantom blinks!
You barely miss the phantom.
The phantom is heavily damaged.
The orc priest calls upon Beogh to heal something.
The phantom hits you.
You hit the orc warrior but do no damage.
The orc warrior hits you with a dire flail!
The phantom hits you.
The phantom blinks!
You barely miss the orc warrior.
The orc warrior hits you with a dire flail!!
* * * LOW HITPOINT WARNING * * *
Casting: Song of Slaying (safe; 1% risk of failure)
Confirm with . or Enter, or press ? or * to list all spells.
Your skin crawls.
Your magical infusion is running out.
The orc warrior hits you with a dire flail!!
You die...

## ...# ∆ .##..#
.#..# ∆ ...# #..#
##.l# #.oo#
.oW.oo.#o# #####
..o#..##@###...##
. ...#
#.§......## ##.#
###.......# #.
#.......# #
#....W..# #.
###.....## #.#
..........# ..
#.#
###.......####..
#.######
#........#.....


You could see a phantom, an orc warrior, 2 orc priests and a leopard gecko.

Vanquished Creatures
  Sigmund (D:2)
  The ghost of sokol815 the Skirmisher, an amateur OpWn (D:3)
  A water moccasin (D:6)
  A phantom (D:5)
  2 ice beasts
  An ogre (D:6)
  A centaur (D:5)
  A gnoll sergeant (D:4)
  5 bullfrogs (D:6)
  A scorpion (D:6)
  A hound (D:6)
  A bullfrog skeleton (D:5)
  4 orc wizards
  A centaur skeleton (D:6)
  2 iguanas
  Natasha (thrice) (D:2)
  3 worker ants
  A hound zombie (D:2)
  6 adders
  12 gnolls
  2 shadow imps (D:5)
  2 worms
  2 dart slugs (D:1)
  5 leopard geckos
  23 orcs
  4 giant cockroaches
  8 goblins
  9 hobgoblins
  6 jackals
  A quokka (D:3)
  2 ball pythons
  6 bats
  6 frilled lizards
  10 kobolds
  A quokka skeleton (D:4)
  6 rats
142 creatures vanquished.

Notes
Turn   | Place    | Note
-------+----------+-------------------------------------------
     0 | D:1      | pyew the Gnoll Skald began the quest for the Orb.
     0 | D:1      | Reached XP level 1. HP: 20/20 MP: 6/6
    71 | D:1      | Reached XP level 2. HP: 5/26 MP: 7/7
   336 | D:1      | Learned a level 2 spell: Song of Slaying
   346 | D:1      | Learned a level 2 spell: Shroud of Golubria
   596 | D:1      | Reached XP level 3. HP: 30/31 MP: 6/9
   600 | D:1      | Reached skill level 5 in Spellcasting
   885 | D:1      | Learned a level 3 spell: Regeneration
   889 | D:1      | Learned a level 3 spell: Spectral Weapon
  1123 | D:2      | Reached skill level 1 in Invocations
  1215 | D:2      | Noticed Natasha
  1229 | D:2      | Killed Natasha
  1229 | D:2      | Reached skill level 1 in Short Blades
  1229 | D:2      | Reached skill level 1 in Axes
  1229 | D:2      | Reached skill level 1 in Maces & Flails
  1229 | D:2      | Reached skill level 1 in Polearms
  1229 | D:2      | Reached skill level 1 in Staves
  1229 | D:2      | Reached skill level 1 in Slings
  1229 | D:2      | Reached skill level 1 in Bows
  1229 | D:2      | Reached skill level 1 in Crossbows
  1229 | D:2      | Reached skill level 1 in Throwing
  1229 | D:2      | Reached skill level 1 in Stealth
  1229 | D:2      | Reached skill level 1 in Shields
  1229 | D:2      | Reached skill level 1 in Unarmed Combat
  1229 | D:2      | Reached skill level 1 in Evocations
  1229 | D:2      | Reached XP level 4. HP: 12/38 MP: 0/11
  1373 | D:2      | Noticed Sigmund
  1390 | D:2      | Killed Sigmund
  1390 | D:2      | Reached skill level 1 in Conjurations
  1390 | D:2      | Reached skill level 1 in Hexes
  1390 | D:2      | Reached skill level 1 in Summonings
  1390 | D:2      | Reached skill level 1 in Necromancy
  1390 | D:2      | Reached skill level 1 in Translocations
  1390 | D:2      | Reached skill level 1 in Transmutations
  1390 | D:2      | Reached skill level 1 in Fire Magic
  1390 | D:2      | Reached skill level 1 in Ice Magic
  1390 | D:2      | Reached skill level 1 in Air Magic
  1390 | D:2      | Reached skill level 1 in Earth Magic
  1390 | D:2      | Reached skill level 1 in Poison Magic
  1390 | D:2      | Reached XP level 5. HP: 9/43 MP: 4/12
  1390 | D:2      | Reached XP level 6. HP: 11/50 MP: 4/13
  1459 | D:2      | Noticed Natasha
  1483 | D:2      | Killed Natasha
  1718 | D:2      | Found a glowing golden altar of the Shining One.
  1869 | D:2      | Noticed Natasha
  1879 | D:2      | Killed Natasha
  1887 | D:2      | Reached skill level 5 in Fighting
  1887 | D:2      | Reached skill level 5 in Long Blades
  1887 | D:2      | Reached skill level 5 in Dodging
  2743 | D:3      | Found a runed door.
  2743 | D:3      | Noticed sokol815's ghost (amateur OpWn)
  2779 | D:3      | Found a sparkling altar of Nemelex Xobeh.
  2816 | D:3      | Reached XP level 7. HP: 46/56 MP: 5/15
  2956 | D:3      | Found a deep blue altar of Sif Muna.
  3091 | D:3      | Killed sokol815's ghost
  3130 | D:3      | Gained mutation: Your spells are a little easier to cast,
                  | but a little less powerful. [potion of mutation]
  3130 | D:3      | Gained mutation: Your mind is acute. (Int +2) [potion of
                  | mutation]
  3977 | D:4      | HP: 2/56 [gnoll (8)]
  3987 | D:4      | HP: 1/56 [gnoll sergeant/spear (8)]
  4276 | D:4      | Reached XP level 8. HP: 55/63 MP: 1/16
  4491 | D:4      | Found an ancient bone altar of Kikubaaqudgha.
  4783 | D:4      | Upgraded the game from 0.22.0-60-ga52c2fc to
                  | 0.22.0-75-g3901e79
  4835 | D:5      | Entered Level 5 of the Dungeon
  4948 | D:5      | Found a basalt altar of Yredelemnul.
  4975 | D:5      | Found a shattered altar of Ashenzari.
  6046 | D:6      | Reached XP level 9. HP: 49/69 MP: 18/18
  6309 | D:6      | Mangled by an orc warrior

Skill      XL: |  1  2  3  4  5  6  7  8  9 |
---------------+----------------------------+-----
Spellcasting   | 5 6 |  6.4
Invocations    | 1 2 3 4 |  4.3
Short Blades   | 1 2 3 |  3.9
Axes           | 1 2 3 |  3.9
Maces & Flails | 1 2 3 |  3.9
Polearms       | 1 2 3 |  3.9
Staves         | 1 2 3 |  3.9
Slings         | 1 2 3 |  3.9
Bows           | 1 2 3 |  3.9
Crossbows      | 1 2 3 |  3.9
Throwing       | 1 2 3 |  3.9
Stealth        | 1 2 3 |  3.9
Shields        | 1 2 3 |  3.9
Unarmed Combat | 1 2 3 |  3.9
Evocations     | 1 2 3 |  3.9
Armour         | 3 4 |  4.8
Conjurations   | 1 2 3 |  3.2
Hexes          | 1 2 3 |  3.2
Summonings     | 1 2 3 |  3.2
Necromancy     | 1 2 3 |  3.2
Translocations | 1 2 3 |  3.2
Transmutations | 1 2 3 |  3.2
Fire Magic     | 1 2 3 |  3.2
Ice Magic      | 1 2 3 |  3.2
Air Magic      | 1 2 3 |  3.2
Earth Magic    | 1 2 3 |  3.2
Poison Magic   | 1 2 3 |  3.2
Fighting       | 5 6 |  6.1
Long Blades    | 5 6 |  6.1
Dodging        | 5 6 |  6.1
Charms         | 6 |  6.4

Action                   |  1- 3 |  4- 6 |  7- 9 || total
-------------------------+-------+-------+-------++-------
Melee: Falchion          |    70 |   140 |   263 ||   473
       Bite              |     6 |    17 |    40 ||    63
       Punch             |       |     4 |     5 ||     9
Throw: Tomahawk          |       |     1 |       ||     1
       Javelin           |       |       |     4 ||     4
 Cast: Infusion          |     6 |     9 |    18 ||    33
       Regeneration      |     1 |     5 |     4 ||    10
       Shroud of Golubri |     1 |     2 |     5 ||     8
       Spectral Weapon   |       |     1 |     2 ||     3
       Song of Slaying   |       |     2 |     6 ||     8
  Use: Scroll            |       |     4 |     5 ||     9
       Potion            |       |     3 |    10 ||    13
 Stab: Sleeping          |     1 |     4 |     5 ||    10
  Eat: Chunk             |     1 |     2 |    19 ||    22
       Ration            |       |     1 |     1 ||     2
Armor: Leather armour    |    13 |    20 |    42 ||    75
Dodge: Dodged            |    51 |   105 |   222 ||   378
       Rpst.: Falchion   |     8 |    30 |    73 ||   111
